 Dungeon Crawl Stone Soup version 0.29-a0-214-g17f627cfee (webtiles) character file.

Game seed: 816920354755241930

917 sammy202020 the Skirmisher (level 7, 0/52 (56) HPs)
             Began as a Demonspawn Berserker on Feb 25, 2022.
             Was a Believer of Trog.
             Slain by Maggie
             ... wielding a +0 glaive of flaming
              (4 damage)
             ... on level 6 of the Dungeon.
             The game lasted 00:10:28 (2715 turns).

sammy202020 the Skirmisher (Demonspawn Berserker)   Turns: 2715, Time: 00:10:29

HP:   0/52 (56)     AC: 12    Str: 19    XL:     7   Next: 83%
MP:   7/7           EV: 13    Int:  8    God:    Trog [**....]
Gold: 147           SH:  0    Dex: 13    Spells: 6/6 levels left

rFire   . . .      SeeInvis .   a - +1 mace
rCold   . . .      Faith    .   (no shield)
rNeg    . . .      Spirit   .   r - +0 steam dragon scales
rPois   .          Reflect  .   d - +1 helmet
rElec   .          Harm     .   m - +0 cloak
rCorr   .          Rampage  .   (no gloves)
Will    ++...                   (no boots)
Stlth   +.........              j - amulet of regeneration
HPRegen 1.97/turn               k - ring of flight
MPRegen 0.10/turn               (no ring)

@: strong-willed, flying, mesmerised, regenerating, drained
A: hooves 1, yellow scales 2, foul stench 1
a: Renounce Religion, Berserk, Trog's Hand


You were on level 6 of the Dungeon.
You worshipped Trog.
Trog was pleased with you.
You visited 1 branch of the dungeon, and saw 4 of its levels.

You collected 147 gold pieces.

Inventory:

Hand Weapons
 a - a +1 mace (weapon)
Armour
 d - a +1 helmet (worn)
 m - a +0 cloak (worn)
 r - +0 steam dragon scales (worn)
Jewellery
 j - an amulet of regeneration (around neck)
 k - a ring of flight (left hand)
 t - a +6 ring of intelligence
Wands
 p - a wand of flame (11)
 q - a wand of iceblast (7)
Scrolls
 b - 2 scrolls of identify
 n - a scroll of vulnerability {unknown}
 s - a scroll of holy word {unknown}
 u - a scroll of teleportation
Potions
 c - 2 potions of degeneration
 e - 2 potions of curing {unknown}
 f - 2 potions of magic
 g - a potion of lignification {unknown}
 h - a potion of flight {unknown}
 i - a potion of might {unknown}
 l - a potion of ambrosia {unknown}
 o - 2 potions of attraction {unknown}


   Skills:
 + Level 5.3 Fighting
 + Level 4.8 Maces & Flails
 + Level 4.4 Armour
 + Level 4.3 Dodging


You had 6 spell levels left.
You didn't know any spells.
Your spell library was empty.

Dungeon Overview and Level Annotations

Branches:
Dungeon (3/15)

Altars:
Zin

Annotations:
D:6 Maggie


Innate Abilities, Weirdness & Mutations

You have large cloven feet.
You are mostly covered in yellow scales. (AC +3)
You may rarely emit foul miasma when damaged in melee.


Message History

You destroy the wight!
Trog accepts your kill. Maggie barely misses you. The wight closely misses you.
The wight hits you with a +0 war axe. The wight hits you but does no damage.
Maggie hits you from afar with a +0 glaive of flaming!
Maggie burns you.
You hit the wight but do no damage.
The wight is moderately damaged.
The wight hits you with a +0 war axe.
You feel drained. The wight hits you but does no damage.
Maggie hits you but does no damage.
Unknown command.
You hit the wight but do no damage. You kick the wight, but do no damage.
The wight is moderately damaged.
The wight hits you with a +0 war axe.
You feel drained.
Maggie hits you from afar with a +0 glaive of flaming!
* * * LOW HITPOINT WARNING * * *
Maggie burns you.
* * * LOW HITPOINT WARNING * * *
The wight barely misses you.
Okay, then.
Aiming: Iceblast
Press: ? - help, Shift-Dir - straight line, f - Maggie
Aim: Maggie, wielding a +0 glaive of flaming and wearing +0 swamp dragon scales (mesmerising)
The mass of ice explodes!
The iceblast engulfs Maggie!
Maggie is lightly wounded.
The iceblast engulfs the wight.
The wight partially resists.
The wight is severely damaged.
The iceblast engulfs the wight.
The wight partially resists.
The wight is lightly damaged.
You hear a shout!
The wight hits you with a +0 war axe.
* * * LOW HITPOINT WARNING * * *
The wight hits you but does no damage. Maggie barely misses you.
Unknown command.
Your skin crawls.
You feel strong-willed. The wight closely misses you.
The wight hits you but does no damage.
Maggie smiles, but it's obviously fake.
Maggie hits you from afar with a +0 glaive of flaming.
You die...

..# ###### ... #.....
#..##.... ### #(..#....
... #.#.#....
#.###.#...#.#
#.....#...#.#
..#####..)....#.#
.........@....#.#
#####.z)z.#.#.### ....###
#..@..#.....# #......
#.....##..#.#### +......
+..............+ #......
##....#...<#.#.## .......
#........#...#.. .....z.
#............#.#
.....@.##........##..#.#.#


You could see Maggie (mesmerising) and 2 wights.

Vanquished Creatures
  Grinder (D:6)
  Sigmund (D:3)
  2 steam dragons (D:6)
  A kobold brigand (D:6)
  Blork the orc (D:6)
  2 wights (D:6)
  Crazy Yiuf (D:2)
  2 gnolls (D:3)
  An adder (D:2)
  7 ball pythons
  3 bats
  An endoplasm (D:3)
  4 giant cockroaches
  10 goblins
  8 hobgoblins
  2 quokkas (D:3)
  6 frilled lizards
  11 kobolds
  3 rats
67 creatures vanquished.

Notes
Turn   | Place    | Note
-------+----------+-------------------------------------------
     0 | D:1      | sammy202020 the Demonspawn Berserker began the quest for
                  | the Orb.
     0 | D:1      | Reached XP level 1. HP: 18/18 MP: 1/1
    28 | D:1      | Found a faded altar of an unknown god.
   260 | D:1      | Gained mutation: You may rarely emit foul miasma when
                  | damaged in melee. [demonic ancestry]
   260 | D:1      | Reached XP level 2. HP: 24/24 MP: 2/2
  1361 | D:2      | Gained mutation: You are partially covered in yellow
                  | scales. (AC +2) [demonic ancestry]
  1361 | D:2      | Reached XP level 3. HP: 28/29 MP: 3/3
  1364 | D:2      | Reached ** piety under Trog
  1831 | D:2      | Found a runed translucent door.
  1832 | D:2      | Noticed Crazy Yiuf
  2048 | D:2      | Killed Crazy Yiuf
  2049 | D:2      | Reached XP level 4. HP: 35/35 MP: 2/4
  2203 | D:3      | Noticed Sigmund
  2215 | D:3      | Killed Sigmund
  2216 | D:3      | Reached skill level 4 in Fighting
  2216 | D:3      | Reached XP level 5. HP: 42/42 MP: 5/5
  2271 | D:3      | You are sucked into a shaft and drop 3 floors!
  2271 | D:6      | Noticed a steam dragon
  2285 | D:6      | Killed a steam dragon
  2286 | D:6      | Gained mutation: You have large cloven feet. [demonic
                  | ancestry]
  2286 | D:6      | Reached XP level 6. HP: 33/49 MP: 6/6
  2346 | D:6      | Noticed a steam dragon
  2349 | D:6      | Noticed Blork the orc
  2356 | D:6      | Killed a steam dragon
  2360 | D:6      | Killed Blork the orc
  2361 | D:6      | Gained mutation: You are mostly covered in yellow scales.
                  | (AC +3) [demonic ancestry]
  2361 | D:6      | Reached XP level 7. HP: 55/55 MP: 7/7
  2524 | D:6      | Noticed Grinder
  2545 | D:6      | Killed Grinder
  2546 | D:6      | Reached skill level 5 in Fighting
  2689 | D:6      | Noticed Maggie
  2714 | D:6      | HP: 2/52 [wight/+0 war axe (5)]
  2715 | D:6      | Slain by Maggie

Illustrated notes

Levels and vault maps discovered:
D:1:      kennysheep_arrival_forest, layout_basic,
          hellmonk_ecumenical_altar_arch_garden
D:2:      layout_rooms, kennysheep_minor_cross, uniq_crazy_yiuf_cottage
D:3:      layout_basic, uniq_sigmund
D:6:      layout_basic, zin_academy, uniq_blork_the_orc, uniq_maggie,
          uniq_grinder

Skill      XL: |  1  2  3  4  5  6  7 |
---------------+----------------------+-----
Armour         | 2 3 4 |  4.4
Dodging        | 2 3 4 |  4.3
Maces & Flails | 3 4 |  4.8
Fighting       | 4 5 |  5.3

Action                   |  1- 3 |  4- 6 |  7- 9 || total
-------------------------+-------+-------+-------++-------
Melee: Mace              |    98 |    50 |    45 ||   193
       Kick              |       |     4 |    15 ||    19
Invok: Berserk           |     2 |     3 |       ||     5
       Trog's Hand       |       |       |     2 ||     2
Evoke: Wand              |       |       |     1 ||     1
  Use: Scroll            |     4 |     2 |       ||     6
 Stab: Sleeping          |     1 |       |       ||     1
Armor: Animal skin       |     4 |       |       ||     4
       Scale mail        |    36 |    29 |       ||    65
       Leather armour    |     7 |       |       ||     7
       Steam dragon scal |       |     1 |    33 ||    34
       Skin              |       |     1 |       ||     1
Dodge: Dodged            |    64 |    42 |    64 ||   170

Table legend: (Time is in decaauts)
 A = Elapsed time spent in this place.
 B = Non-inter-level travel time spent in this place.
 C = Inter-level travel time spent in this place.
 D = Time resting spent in this place.
 E = Time spent auto-exploring this place.
 F = Levels seen in this place.
 G = Mean time per level.
                   A        B        C        D        E       F      G
               +--------+--------+--------+--------+--------+-----+--------+
         Total |   2810 |   2709 |    101 |    280 |   1640 |   4 |  702.5 |
       Dungeon |   2810 |   2709 |    101 |    280 |   1640 |   4 |  702.5 |
               +--------+--------+--------+--------+--------+-----+--------+

Top non-repeatable levels by time:
     D:1: 1346 daAuts
     D:2: 804 daAuts
     D:6: 479 daAuts
     D:3: 180 daAuts
